 Dungeon Crawl Stone Soup version 0.30-a0-948-g4fa250aae5 (webtiles) character file.

Game seed: 16993500018451883752

16 ZeroWinrate the Sneak (level 2, -2/21 HPs)
             Began as an Octopode Delver on Mar 26, 2023.
             Slain by a centaur zombie (4 damage)
             ... in an ossuary.
             The game lasted 00:03:15 (459 turns).

ZeroWinrate the Sneak (Octopode Delver)              Turns: 459, Time: 00:03:15

Health: -2/21      AC:  1    Str: 11    XL:     2   Next: 58%
Magic:  3/3        EV: 13    Int: 12    God:
Gold:   0          SH:  0    Dex: 13    Spells: 2/2 levels left

rFire   . . .      SeeInvis .    a - +0 spear
rCold   . . .      Faith    .    (no shield)
rNeg    . . .      Spirit   .    (helmet restricted)
rPois   .          Reflect  .    (no amulet)
rElec   .          Rampage  .    (no ring)
rCorr   .                        (no ring)
Will    .....                    (no ring)
Stlth   ++++                     (no ring)
HPRegen 0.23/turn                (no ring)
MPRegen 0.08/turn                (no ring)
                                 (no ring)
                                 (no ring)

@: marked, hasted, very quick
A: almost no armour, amphibious, 8 rings, camouflage 1, gelatinous body 1,
(nimble swimmer 1), tentacles
a: no special abilities


You were in an ossuary.
You visited 1 branch of the dungeon, and saw 3 of its levels.
You also visited: Ossuary.

Inventory:

Hand Weapons
 a - a +0 spear (weapon)
Wands
 f - a wand of digging (3)
Scrolls
 b - a scroll of fog
 h - a scroll of identify {unknown}
Potions
 g - 2 potions of resistance {unknown}


   Skills:
 + Level 3.2 Fighting
 + Level 2.3 Polearms
 - Level 2.0 Dodging
 - Level 6.6 Stealth
 + Level 0.6 Spellcasting
 + Level 1.0 Evocations


You had 2 spell levels left.
You didn't know any spells.
Your spell library was empty.

Dungeon Overview and Level Annotations

Branches:
Dungeon (6/15)            Ossuary (1/1)
 Temple: D:4-7

Altars:


Innate Abilities, Weirdness & Mutations

You cannot wear most types of armour.
You are amphibious.
You can wear up to eight rings at the same time.
Your skin changes colour to match your surroundings (Stealth+).
Your rubbery body absorbs attacks. (AC +1, EV +1)
((You are camouflaged when in or above water. (Stealth+)))
You have tentacles for arms and can constrict up to eight enemies at once.


Message History

You hit the centaur zombie but do no damage.
You squeeze the centaur zombie.
The centaur zombie is moderately damaged.
The centaur zombie hits you but does no damage.
The centaur zombie barely misses you.
A jackal zombie comes into view.
The orc zombie hits you. The centaur zombie closely misses you.
The centaur zombie kicks you.
You hit the centaur zombie. You squeeze the centaur zombie.
The centaur zombie is heavily damaged.
The centaur zombie barely misses you. The centaur zombie closely misses you.
You hit the centaur zombie. You squeeze the centaur zombie.
The centaur zombie is severely damaged.
The centaur zombie barely misses you. The centaur zombie kicks you.
You hit the centaur zombie but do no damage.
The centaur zombie is severely damaged.
The centaur zombie hits you. The centaur zombie kicks you.
The centaur zombie misses you. The centaur zombie closely misses you.
You hit the centaur zombie.
The centaur zombie is almost destroyed.
The centaur zombie hits you. The centaur zombie kicks you.
You hit the centaur zombie but do no damage.
The centaur zombie is almost destroyed.
The orc zombie hits you but does no damage.
The centaur zombie hits you.
* * * LOW HITPOINT WARNING * * *
The centaur zombie misses you.
Unknown command.
Okay, then.
Okay, then.
Unknown command.
Unknown command.
The centaur zombie attacks as you move away!
The centaur zombie hits you.
* * * LOW HITPOINT WARNING * * *
The centaur zombie kicks you but does no damage.
Unknown command.
Unknown command.
You feel yourself speed up. The centaur zombie hits you.
You die...

#...# ##.... #...#
#...# #.... #...#
#...# #.... #...#
#...# #M∩... #...#
#...# #...# #...#
#...# #...# #...#
#...##############ZZ.#
#...............@ZZ..#
#.........∩∩.....Z...#
######################


You could see a jackal zombie, 2 orc zombies, an elf zombie and a centaur
zombie.

Vanquished Creatures
  A goblin (D:4)
  A hobgoblin (D:4)
  9 hobgoblin zombies (Ossuary)
  8 kobold zombies (Ossuary)
  3 orc zombies (Ossuary)
22 creatures vanquished.

Notes
Turn   | Place    | Note
-------+----------+-------------------------------------------
     0 | D:5      | ZeroWinrate the Octopode Delver began the quest for the
                  | Orb.
     0 | D:5      | Reached XP level 1. HP: 16/16 MP: 1/1
    11 | D:5      | Noticed a jelly
    40 | D:5      | Noticed a water moccasin
   123 | D:5      | Noticed a gnoll sergeant
   165 | D:5      | Noticed a gnoll bouda
   253 | D:4      | Found a sand-covered staircase.
   258 | Ossuary  | Entered an ossuary
   324 | Ossuary  | Reached XP level 2. HP: 21/21 MP: 2/2
   381 | Ossuary  | Reached skill level 1 in Evocations
   458 | Ossuary  | HP: 1/21 [centaur zombie (2)]
   459 | Ossuary  | Slain by a centaur zombie

Illustrated notes

Levels and vault maps discovered:
D:4:      layout_basic, nicolae_ossuary_entry_plus, hangedman_glass_teeth,
          amcnicky_altar_lugonu_corruption, uniq_sigmund, uniq_pikel
D:5:      layout_layer_cave, kennysheep_mini_moat,
          gammafunk_temple_overflow_forgotten, minmay_temple_entry_offerings,
          uniq_crazy_yiuf_cottage
D:6:      kennysheep_spiral_hall, layout_gridville,
          nicolae_gozag_cash_rules_everything_around_me, grunt_ministairs_10,
          minivault_10
Ossuary:  ossuary_tomb_1

Skill      XL: |  1  2 |
---------------+-------+-----
Evocations     | 1 |  1.0
Fighting       | |  3.2
Polearms       | |  2.3
Dodging        | |  2.0
Stealth        | |  6.6
Spellcasting   | |  0.6

Action                     || total
---------------------------++-------
  Melee: Spear             ||    63
         Constrict         ||    13
         Tentacles         ||    13
         Punch             ||     1
  Throw: Stone             ||     2
    Use: Scroll            ||     2
         Potion            ||     1
   Stab: Sleeping          ||     7
 Armour: Skin              ||     7
  Dodge: Dodged            ||    22

Table legend: (Time is in decaauts)
 A = Elapsed time spent in this place.
 B = Non-inter-level travel time spent in this place.
 C = Inter-level travel time spent in this place.
 D = Time resting spent in this place.
 E = Time spent auto-exploring this place.
 F = Levels seen in this place.
 G = Mean time per level.
                   A        B        C        D        E       F      G
               +--------+--------+--------+--------+--------+-----+--------+
         Total |    457 |    457 |      0 |      0 |      6 |   4 |  114.2 |
       Dungeon |    257 |    257 |      0 |      0 |      6 |   3 |   85.7 |
       Ossuary |    199 |    199 |      0 |      0 |      0 |   1 |  199.0 |
               +--------+--------+--------+--------+--------+-----+--------+

Top non-repeatable levels by time:
     D:5: 208 daAuts
 Ossuary: 199 daAuts
     D:4: 41 daAuts
     D:6: 7 daAuts
